 Dungeon Crawl Stone Soup version 0.29-a0-323-g050149af67 (webtiles) character file.

Game seed: 12706065076063949696

670 hemabe1971 the Charlatan (level 7, -2/51 HPs)
             Began as a Human Artificer on Apr 11, 2022.
             Slain by an iguana (10 damage)
             ... on level 5 of the Dungeon.
             The game lasted 00:05:16 (6151 turns).

hemabe1971 the Charlatan (Human Artificer)          Turns: 6151, Time: 00:05:17

Health: -2/51      AC:  8    Str: 14    XL:     7   Next: 89%
Magic:  7/7        EV:  7    Int: 11    God:
Gold:   303        SH: 12    Dex: 14    Spells: 6/6 levels left

rFire   . . .      SeeInvis .   E - +2 spear (freeze)
rCold   . . .      Faith    .   i - +0 tower shield
rNeg    . . .      Spirit   .   C - +0 ring mail
rPois   .          Reflect  .   D - +2 hat
rElec   .          Harm     .   (no cloak)
rCorr   .          Rampage  .   (no gloves)
Will    .....                   v - +0 pair of boots
Stlth   +.........              (no amulet)
HPRegen 0.17/turn               (no ring)
MPRegen 0.10/turn               (no ring)

@: no status effects
A: no striking features
a: no special abilities


You were on level 5 of the Dungeon.
You visited 1 branch of the dungeon, and saw 5 of its levels.

You collected 303 gold pieces.

Inventory:

Hand Weapons
 a - a +0 club
 y - a +0 trident
 E - a +2 spear of freezing (weapon)
Missiles
 f - 4 poisoned darts
Armour
 b - a +0 leather armour
 i - a +0 tower shield (worn)
 v - a +0 pair of boots (worn)
 C - a +0 ring mail (worn)
 D - a +2 hat (worn)
Jewellery
 p - a ring of ice
 F - an amulet of magic regeneration
 I - a ring of wizardry
Wands
 c - a wand of flame (15) (quivered)
 d - a wand of charming (10)
 e - a wand of iceblast (1)
Scrolls
 k - 2 scrolls of teleportation {unknown}
 l - 3 scrolls of fog {unknown}
 n - 2 scrolls of vulnerability {unknown}
 q - a scroll of torment {unknown}
 r - 4 scrolls of blinking {unknown}
 t - 2 scrolls of identify {unknown}
 w - a scroll of brand weapon {unknown}
 z - a scroll of silence {unknown}
 A - a scroll of holy word {unknown}
 G - a scroll of immolation {unknown}
Potions
 g - a potion of ambrosia {unknown}
 h - 3 potions of degeneration {unknown}
 j - 2 potions of berserk rage
 m - a potion of magic {unknown}
 o - 3 potions of curing {unknown}
 s - 4 potions of heal wounds {unknown}
 u - 2 potions of flight {unknown}
 x - a potion of lignification {unknown}
 B - a potion of resistance {unknown}
 H - a potion of invisibility {unknown}


   Skills:
 + Level 2.5 Fighting
 + Level 1.9 Maces & Flails
 + Level 3.5 Polearms
 + Level 3.3 Armour
 + Level 3.4 Dodging
 + Level 1.5 Stealth
 + Level 2.9 Shields
 + Level 3.8 Evocations


You had 6 spell levels left.
You didn't know any spells.
Your spell library contained the following spells:

 Spells                   Type           Power      Damage    Failure   Level
 Ensorcelled Hibernation  Hex/Ice        0%         N/A       100%        2
 Gell's Gravitas          Tloc           0%         N/A       100%        3
 Lesser Beckoning         Tloc           0%         N/A       100%        3
 Ozocubu's Armour         Ice            0%         N/A       100%        3
 Spider Form              Tmut/Pois      0%         N/A       100%        3
 Teleport Other           Tloc           0%         N/A       100%        3
 Anguish                  Hex/Necr       0%         N/A       100%        4
 Ozocubu's Refrigeration  Ice            0%         4d5       100%        7


Dungeon Overview and Level Annotations

Branches:
Dungeon (5/15)
 Temple: D:4-7

Altars:
Gozag
Hepliaklqana
Sif Muna
Vehumet

Shops:
D:4 *


Message History

An iguana is nearby!
The iguana hisses angrily.
The iguana bites you!
You barely miss the iguana.
The iguana bites you but does no damage.
You barely miss the iguana.
The iguana bites you but does no damage.
You hit the iguana but do no damage. You block the iguana's attack.
You hit the iguana. You freeze the iguana.
The iguana is lightly wounded.
You block the iguana's attack. The iguana bites you.
You hit the iguana.
The iguana seems to slow down.
You freeze the iguana.
The iguana is moderately wounded.
You block the iguana's attack.
You hit the iguana. You freeze the iguana.
The iguana is heavily wounded.
The iguana bites you!
You hit the iguana but do no damage.
The iguana is heavily wounded.
The iguana is no longer moving slowly.
You block the iguana's attack.
You completely miss the iguana.
The iguana is heavily wounded.
The iguana barely misses you.
You hit the iguana but do no damage.
The iguana is heavily wounded.
You block the iguana's attack.
You hit the iguana. You freeze the iguana.
The iguana is severely wounded.
The iguana bites you.
You barely miss the iguana.
The iguana is severely wounded.
You block the iguana's attack. x2
You hit the iguana but do no damage.
The iguana is severely wounded.
The iguana bites you!
* * * LOW HITPOINT WARNING * * *
You hit the iguana.
The iguana seems to slow down.
You freeze the iguana.
The iguana is almost dead.
The iguana bites you!
You die...

### #.. #.#######
### #.#.....#...
######.#.#.#.#.#
#..............# #.
#....#.##...#### #.
#.....l@...:....
#....##.#####..###.
### #..####.# .#
#...#...<>..# #
..⌠...##....#
...#.......#.### ##
#.###......... #
#####.#### .#


You could see an iguana (slow).

Vanquished Creatures
  Grinder (D:3)
  A shadow (D:5)
  An ogre (D:4)
  2 hounds (D:4)
  An orc priest (D:3)
  2 orc wizards
  3 gnolls (D:4)
  3 adders
  A worm (D:3)
  4 dart slugs
  9 orcs
  5 ball pythons
  9 bats
  8 endoplasms
  5 hobgoblins
  4 kobolds
  2 quokkas (D:2)
  3 frilled lizards
  3 goblins (D:4)
  4 rats
71 creatures vanquished.

Vanquished Creatures (collateral kills)
  A kobold (D:4)
1 creature vanquished.

Grand Total: 72 creatures vanquished

Notes
Turn   | Place    | Note
-------+----------+-------------------------------------------
     0 | D:1      | hemabe1971 the Human Artificer began the quest for the Orb.
     0 | D:1      | Reached XP level 1. HP: 15/15 MP: 1/1
   662 | D:1      | Found a faded altar of an unknown god.
   778 | D:1      | Reached XP level 2. HP: 21/21 MP: 2/2
  1497 | D:2      | Reached XP level 3. HP: 20/26 MP: 3/3
  2625 | D:3      | Reached skill level 1 in Maces & Flails
  3132 | D:3      | Found a radiant altar of Vehumet.
  3146 | D:3      | Reached XP level 4. HP: 29/32 MP: 4/4
  3335 | D:3      | Found a hazy altar of Hepliaklqana.
  4019 | D:3      | Noticed Grinder
  4026 | D:3      | Killed Grinder
  4027 | D:3      | Reached XP level 5. HP: 38/38 MP: 5/5
  4027 | D:3      | Reached XP level 6. HP: 44/44 MP: 6/6
  4066 | D:3      | HP: 1/44 [orc priest/divine providence (14)]
  5115 | D:4      | Found a shimmering blue altar of Sif Muna.
  5156 | D:4      | Reached XP level 7. HP: 49/49 MP: 7/7
  5300 | D:4      | Found an opulent altar of Gozag.
  5304 | D:4      | Found Gozag's Platinum Reserve.
  6060 | D:5      | Entered Level 5 of the Dungeon
  6070 | D:5      | Noticed a shadow
  6086 | D:5      | Killed a shadow
  6151 | D:5      | Slain by an iguana

Illustrated notes

Levels and vault maps discovered:
D:1:      lightli_arrival_flooded_house, layout_loops_ring,
          hellmonk_ecumenical_altar_zigzags, roderic_malta_cross,
          dk_noncrumbling_4
D:2:      layout_basic, grunt_ministairs_3
D:3:      layout_basic, vehumet_altar_wand_db, mainiacjoe_overflow_catwalk,
          chequers_serial_rivers_marsh, uniq_grinder
D:4:      layout_basic, nicolae_gozag_zags_fifth_avenue,
          mainiacjoe_overflow_six_doors_small, grunt_ministairs_12,
          kennysheep_generic_room_5
D:5:      layout_basic, minmay_temple_entry_antechambers, minivault_23

Skill      XL: |  1  2  3  4  5  6  7 |
---------------+----------------------+-----
Maces & Flails | 1 |  1.9
Dodging        | 2 3 |  3.4
Polearms       | 2 3 |  3.5
Shields        | 2 |  2.9
Armour         | 3 |  3.3
Fighting       | 2 |  2.5
Stealth        | |  1.5
Evocations     | |  3.8

Action                   |  1- 3 |  4- 6 |  7- 9 || total
-------------------------+-------+-------+-------++-------
Melee: Club              |   153 |       |       ||   153
       Trident           |    14 |    51 |       ||    65
       Spear             |       |    51 |    69 ||   120
Evoke: Wand              |     7 |    11 |     8 ||    26
  Use: Potion            |       |     1 |       ||     1
 Stab: Sleeping          |     1 |       |     1 ||     2
Armor: Leather armour    |    62 |    15 |       ||    77
       Ring mail         |       |    22 |    24 ||    46
Dodge: Dodged            |    56 |    18 |    18 ||    92
Block: Tower shield      |   121 |    71 |    40 ||   232

Table legend: (Time is in decaauts)
 A = Elapsed time spent in this place.
 B = Non-inter-level travel time spent in this place.
 C = Inter-level travel time spent in this place.
 D = Time resting spent in this place.
 E = Time spent auto-exploring this place.
 F = Levels seen in this place.
 G = Mean time per level.
                   A        B        C        D        E       F      G
               +--------+--------+--------+--------+--------+-----+--------+
         Total |   6360 |   6239 |    121 |    668 |   4561 |   5 | 1272.0 |
       Dungeon |   6360 |   6239 |    121 |    668 |   4561 |   5 | 1272.0 |
               +--------+--------+--------+--------+--------+-----+--------+

Top non-repeatable levels by time:
     D:3: 2001 daAuts
     D:4: 1599 daAuts
     D:1: 1422 daAuts
     D:2: 1242 daAuts
     D:5: 94 daAuts
